 Dungeon Crawl Stone Soup version 0.24-a0-132-ge4b1dce (console) character file.

Game seed: 8467398006927981197

35962 Duffy the Cleaver (level 13, -1/123 HPs)
             Began as a Naga Gladiator on Feb 27, 2019.
             Was an Elder of the Shining One.
             Slain by a blink frog (15 damage)
             ... on level 6 of the Lair of Beasts.
             The game lasted 00:24:36 (22382 turns).

Duffy the Cleaver (Naga Gladiator)                 Turns: 22382, Time: 00:24:37

Health: -1/123     AC: 15    Str: 16    XL:     13   Next: 87%
Magic:  20/20      EV: 15    Int: 13    God:    the Shining One [****..]
Gold:   353        SH:  0    Dex: 17    Spells: 12/12 levels left

rFire    . . .     SeeInvis +   b - +5 dire flail
rCold    + . .     Gourm    .   (shield currently unavailable)
rNeg     + + .     Faith    .   E - +3 ring mail
rPois    +         Spirit   .   c - +0 helmet
rElec    .         Reflect  .   M - +2 cloak
rCorr    .         Harm     .   X - +1 pair of gloves {Dex+3}
MR       ++...                  (no barding)
Stlth    +.........             u - amulet of rage
HPRegen  0.30/turn              B - ring of protection from magic
MPRegen  0.17/turn              h - ring of protection from cold

@: berserk cooldown, slowed, glowing, very slow
A: large, see invisible, deformed body, poison resistance, slowness 2, slow
metabolism 1, spit poison 1, constrict 1, AC +4
a: Spit Poison, Divine Shield, Cleansing Flame, Renounce Religion, Evoke Berserk
Rage


You were on level 6 of the Lair of Beasts.
You worshipped the Shining One.
The Shining One was greatly pleased with you.
You were hungry.

You visited 3 branches of the dungeon, and saw 17 of its levels.

You collected 1002 gold pieces.
You spent 649 gold pieces at shops.

Inventory:

Hand Weapons
 a - a +0 battleaxe
 b - a +5 dire flail (weapon)
 v - a +0 hand axe of chopping
 F - a +0 war axe
 S - the +7 flail "Idoeg" {drain, -Tele MR+ Int+4, !a}
   (You took it off an orc wizard on level 9 of the Dungeon)

   A truly terrible weapon, it drains the life of those it strikes.
   It affects your intelligence (+4).
   It affects your resistance to hostile enchantments.
   It prevents most forms of teleportation.
   The Shining One disapproves of the use of such an item.
Missiles
 d - 4 throwing nets (quivered)
 Q - 4 tomahawks of dispersal
Armour
 c - a +0 helmet (worn)
 r - a +2 robe of resistance
 E - a +3 ring mail (worn)
 M - a +2 cloak (worn)
 X - a +1 pair of gloves of dexterity (worn)
Jewellery
 h - a ring of protection from cold (right hand)
 u - an amulet of rage (around neck)
 B - a ring of protection from magic (left hand)
 V - an uncursed ring of resist corrosion
 Y - an uncursed ring of flight
Wands
 g - a wand of acid (11)
 J - a wand of polymorph (5)
 L - a wand of iceblast (19)
 O - a wand of paralysis (7)
 P - a wand of scattershot (5)
Scrolls
 e - 10 scrolls of remove curse
 j - 4 scrolls of fog
 o - 2 scrolls of magic mapping
 q - 2 scrolls of brand weapon
 t - 5 scrolls of teleportation
 w - 4 scrolls of fear
 y - 6 scrolls of enchant weapon {unknown}
 D - 4 scrolls of amnesia {unknown}
 G - 4 scrolls of random uselessness {unknown}
 K - a scroll of enchant armour
 N - 2 scrolls of immolation
 U - a scroll of blinking
Potions
 i - 3 potions of flight
 k - 6 potions of brilliance
 l - 4 potions of curing
 m - 2 potions of degeneration {unknown}
 n - 4 potions of berserk rage
 p - 4 potions of lignification {unknown}
 s - 2 potions of magic
 x - 3 potions of heal wounds
 z - 6 potions of mutation
 A - a potion of haste
 C - a potion of cancellation
 H - a potion of agility
 R - 2 potions of ambrosia
Miscellaneous
 I - a box of beasts
 T - a phial of floods (inert)
Comestibles
 f - 25 rations
 W - 6 chunks of flesh


   Skills:
 - Level 10.0 Fighting
 + Level 13.9 Axes
 - Level 1.7 Throwing
 - Level 10.0 Dodging
 + Level 6.7 Invocations
 - Level 10.0 Evocations


You had 12 spell levels left.
You didn't know any spells.
Your spell library contained the following spells:

 Spells                   Type           Power        Failure   Level  Hunger
 Confusing Touch          Hex            #.....       52%         1    ##.....
 Corona                   Hex            #......      52%         1    ##.....
 Sandblast                Erth           #.....       52%         1    ##.....
 Corpse Rot               Necr           N/A          65%         2    ###....
 Passwall                 Tmut/Erth      #.......     65%         2    ###....
 Slow                     Hex            #.......     65%         2    ###....
 Sublimation of Blood     Necr           #.........   65%         2    ###....
 Confuse                  Hex            #.......     87%         3    ####...
 Gell's Gravitas          Tloc           #.........   87%         3    ####...
 Inner Flame              Hex/Fire       #.......     87%         3    ####...
 Portal Projectile        Hex/Tloc       #.....       87%         3    ####...
 Stone Arrow              Conj/Erth      #.....       87%         3    ####...
 Cause Fear               Hex            #.........   99%         4    #####..
 Leda's Liquefaction      Hex/Erth       #.........   99%         4    #####..
 Petrify                  Tmut/Erth      #.......     99%         4    #####..
 Agony                    Necr           #.......     100%        5    ######.
 Bolt of Draining         Conj/Necr      #.........   100%        5    ######.
 Dispel Undead            Necr           #.......     100%        5    ######.
 Excruciating Wounds      Chrm/Necr      #.........   100%        5    ######.
 Lee's Rapid Deconstruct  Erth           #.........   100%        5    ######.
 Metabolic Englaciation   Hex/Ice        #.........   100%        5    ######.
 Yara's Violent Unravell  Hex/Tmut       #.........   100%        5    ######.


Dungeon Overview and Level Annotations

Branches:
Dungeon (10/15)            Temple (0/1) D:7            Lair (5/6) D:10
 Shoals (0/4) Lair:3       Spider (0/4) Lair:2        Slime (0/5) Lair:6
    Orc (1/2) D:10

Altars:
Cheibriados
Fedhas
Gozag
Hepliaklqana
Makhleb
Okawaru
Qazlal
Uskayaw
Yredelemnul
Zin
The Shining One

Shops:
D:7 *   D:8 *(   D:10 [

Annotations:
Lair:5 1 runed translucent door, nikopol's ghost, journeyman DEFE


Innate Abilities, Weirdness & Mutations

You cannot wear boots.
Your serpentine skin is tough. (AC +4)
You have supernaturally acute eyesight. (SInv)
Armour fits poorly on your strangely shaped body.
Your system is resistant to poisons. (rPois)
You cover ground very slowly.
You have a slow metabolism.
You can spit poison.
You can use your snake-like lower body to constrict enemies.


Message History

You hear a croak.
You hear an angry hiss.
You hear a croak.
You puncture the vampire mosquito!
You destroy the vampire mosquito!
The Shining One accepts your kill.
You hear a croak.
You hear a roar!
The blink frog hits you but does no damage.
You hit the blink frog. You grab the blink frog.
The blink frog is heavily wounded.
You constrict the blink frog. The blink frog misses you.
A blink frog comes into view.
The blink frog closely misses you. The blink frog hits you!
You sock the blink frog!
The blink frog is almost dead.
You constrict the blink frog. The blink frog hits you.
The blink frog blinks!
The blink frog barely misses you.
The blink frog blinks!
The blink frog struggles to blink free from constriction.
You puncture the blink frog!
You kill the blink frog!
The blink frog hits you!
You die...

*## ******* ##* ###
*##.#***
,**,,.###P#####.###P..##,*
,,,,,..............PP...**
,,,,,,.............PP...,*
,,*,,,.......%.#.#.###.,,*
**,,*,*##....%.#..#.#*,,,*
,***,###......###@..#,,,**
,,,,,.........##.F.P#*,,*
,,,,,,##......P#....#,,,***
,,,,,,*#P.......#.....,,,,*
,,,,,,*#.F....###......,,**
,,,,,+#.......#*###.....#*
**,,,..........*,*,##....*
,*,,,..#.......#*,,,,.FP.*
,,,,,.,.........,,,,,,,,,*


You could see 2 blink frogs.

Vanquished Creatures
  Gastronok (Lair:3)
  Erolcha (D:9)
  3 hydras
  A queen ant (Lair:4)
  Pikel (D:7)
  An orc knight (D:10)
  A manticore (Lair:2)
  4 elephants (Lair:5)
  Joseph (D:7)
  3 black mambas
  16 spiny frogs
  2 komodo dragons
  2 rime drakes
  A queen bee (D:8)
  A polar bear (Lair:2)
  15 blink frogs
  Prince Ribbit (D:8)
  7 hippogriffs
  20 yaks
  3 basilisks
  A wyvern (D:8)
  A steam dragon (D:5)
  A hungry ghost (D:6)
  3 vampire mosquitoes (Lair:6)
  20 soldier ants
  11 water moccasins
  6 orc warriors
  10 porcupines
  3 sky beasts
  2 ice beasts
  3 phantoms
  7 ogres
  12 wolves
  The ghost of Duffy the Conjurer, an amateur NaFE (D:4)
  2 black bears
  6 crocodiles
  5 centaurs
  2 big kobolds
  Blork the orc (D:6)
  16 bullfrogs
  6 scorpions
  14 killer bees
  8 wights
  2 howler monkeys
  6 crimson imps
  A bullfrog zombie (D:6)
  7 orc priests
  2 jellies
  3 hounds
  2 iguanas
  5 orc wizards
  28 worker ants
  Natasha (thrice) (D:2)
  4 hell rats (Lair:4)
  A killer bee zombie (D:6)
  A hound zombie (D:9)
  A hound skeleton (D:7)
  9 gnolls
  2 howler monkey skeletons (D:6)
  2 worker ant zombies
  2 river rats
  8 adders
  2 shadow imps
  2 oozes (D:1)
  2 adder skeletons
  A dart slug (D:1)
  6 leopard geckos
  35 orcs
  3 ball pythons
  12 giant cockroaches
  9 goblins
  6 hobgoblins
  8 jackals
  6 quokkas
  8 bats
  5 frilled lizards
  10 kobolds
  A quokka skeleton (D:4)
  22 rats
  A butterfly (Lair:2)
  5 fungi
  A plant (Lair:1)
460 creatures vanquished.

Vanquished Creatures (collateral kills)
  A blink frog (Lair:6)
1 creature vanquished.

Vanquished Creatures (others)
  A sky beast (D:7)
  2 orcs
  A bush (Lair:3)
  11 fungi
  33 plants (Lair:6)
48 creatures vanquished.

Grand Total: 509 creatures vanquished

Notes
Turn   | Place    | Note
-------+----------+-------------------------------------------
     0 | D:1      | Duffy the Naga Gladiator began the quest for the Orb.
     0 | D:1      | Reached XP level 1. HP: 19/19 MP: 1/1
    60 | D:1      | Reached XP level 2. HP: 22/26 MP: 2/2
   492 | D:1      | Reached skill level 4 in Axes
   581 | D:1      | Reached XP level 3. HP: 21/32 MP: 3/3
  1363 | D:2      | Found a hide-covered altar of Uskayaw.
  1438 | D:2      | Noticed a scorpion
  1445 | D:2      | Killed a scorpion
  1445 | D:2      | Reached skill level 5 in Axes
  1445 | D:2      | Reached XP level 4. HP: 29/39 MP: 4/4
  1596 | D:2      | Noticed Natasha
  1602 | D:2      | Killed Natasha
  1602 | D:2      | Reached XP level 5. HP: 45/45 MP: 5/5
  1941 | D:2      | Noticed Natasha
  1944 | D:2      | Killed Natasha
  2016 | D:2      | Noticed Natasha
  2022 | D:2      | Killed Natasha
  2022 | D:2      | Reached skill level 6 in Axes
  3027 | D:3      | Reached skill level 1 in Evocations
  3027 | D:3      | Reached XP level 6. HP: 43/52 MP: 6/6
  3116 | D:4      | Found an opulent altar of Gozag.
  3267 | D:4      | Found a transporter.
  3270 | D:4      | Noticed Duffy's ghost (amateur NaFE)
  3274 | D:4      | Found a transporter.
  3501 | D:4      | Found an iron altar of Okawaru.
  4070 | D:4      | Reached skill level 7 in Axes
  4070 | D:4      | Reached XP level 7. HP: 60/60 MP: 7/9
  4072 | D:4      | Killed Duffy's ghost
  4158 | D:5      | Entered Level 5 of the Dungeon
  4663 | D:5      | Noticed a steam dragon
  4673 | D:5      | Killed a steam dragon
  4911 | D:5      | Reached skill level 8 in Axes
  4911 | D:5      | Reached XP level 8. HP: 46/67 MP: 11/11
  5108 | D:5      | Reached skill level 5 in Evocations
  5234 | D:5      | Found a blossoming altar of Fedhas.
  5334 | D:5      | Found a glowing golden altar of the Shining One.
  5342 | D:5      | Became a worshipper of the Shining One
  5601 | D:5      | Reached skill level 9 in Axes
  5682 | D:6      | Reached * piety under the Shining One
  6008 | D:6      | Reached skill level 10 in Axes
  6113 | D:6      | Noticed Blork the orc
  6127 | D:6      | Killed Blork the orc
  6127 | D:6      | Reached XP level 9. HP: 26/74 MP: 12/12
  7194 | D:7      | Reached skill level 5 in Fighting
  7788 | D:7      | Found Quheaff's Assorted Antiques.
  7807 | D:7      | Bought a scroll labeled DADAMYNIEWK for 27 gold pieces
  7836 | D:7      | Found a staircase to the Ecumenical Temple.
  8090 | D:7      | Found a glowing silver altar of Zin.
  8095 | D:7      | Found a basalt altar of Yredelemnul.
  8125 | D:7      | Found a blossoming altar of Fedhas.
  8150 | D:7      | Noticed Pikel
  8150 | D:7      | Noticed Joseph
  8150 | D:7      | Reached ** piety under the Shining One
  8177 | D:7      | Killed Joseph
  8178 | D:7      | Reached skill level 5 in Dodging
  8186 | D:7      | Killed Pikel
  8186 | D:7      | Reached XP level 10. HP: 29/94 MP: 13/13
  8671 | D:7      | Found a stormy altar of Qazlal.
  8833 | D:7      | Bought a long iron wand for 108 gold pieces
  8833 | D:7      | Bought a runed ring mail for 189 gold pieces
  8863 | D:8      | Found Quhu's Antique Weapon Shoppe.
  8873 | D:8      | Found Esoshompamut's Assorted Antiques.
  8889 | D:8      | Bought a scroll labeled MUXYUF ISCHIGO for 26 gold pieces
  9579 | D:8      | Noticed Prince Ribbit
  9588 | D:8      | Killed Prince Ribbit
 10956 | D:8      | Bought a scroll of identify for 52 gold pieces
 10985 | D:9      | Found a snail-covered altar of Cheibriados.
 11013 | D:9      | Found a hazy altar of Hepliaklqana.
 11093 | D:9      | Noticed Erolcha
 11101 | D:9      | Identified the +7 flail "Idoeg" {drain, -Tele MR+ Int+4}
 11102 | D:9      | Killed Erolcha
 11102 | D:9      | Reached XP level 11. HP: 103/103 MP: 13/15
 11467 | D:9      | Found a burning altar of Makhleb.
 11541 | D:9      | Found a glowing golden altar of the Shining One.
 11642 | D:10     | Entered Level 10 of the Dungeon
 11902 | D:10     | Found Asaykuan's Armour Emporium.
 11902 | D:10     | Noticed an orc knight
 11951 | D:10     | Killed an orc knight
 11977 | D:10     | Reached *** piety under the Shining One
 12653 | D:10     | Found a staircase to the Lair.
 12737 | D:10     | Found a staircase to the Orcish Mines.
 13120 | D:10     | Reached skill level 5 in Invocations
 13526 | Orc:1    | Entered Level 1 of the Orcish Mines
 13828 | D:10     | Bought a +1 pair of gloves of dexterity for 247 gold pieces
 13858 | Lair:1   | Entered Level 1 of the Lair of Beasts
 15043 | Lair:1   | Reached XP level 12. HP: 93/112 MP: 18/18
 15505 | Lair:2   | Reached skill level 11 in Axes
 15564 | Lair:2   | Noticed an eight-headed hydra
 15574 | Lair:2   | Killed an eight-headed hydra
 16447 | Lair:2   | Noticed a four-headed hydra
 16457 | Lair:2   | Killed a four-headed hydra
 16589 | Lair:2   | Found a glowing golden altar of the Shining One.
 16622 | Lair:2   | Found a hole to the Spider Nest.
 17259 | Lair:3   | Found a staircase to the Shoals.
 17908 | Lair:3   | Reached skill level 10 in Fighting
 18063 | Lair:4   | Reached **** piety under the Shining One
 18375 | Lair:3   | Noticed a queen ant
 18407 | Lair:4   | Killed a queen ant
 18407 | Lair:4   | Reached skill level 12 in Axes
 18806 | Lair:4   | Reached skill level 10 in Dodging
 19119 | Lair:3   | Gained mutation: You can use your snake-like lower body to
                  | constrict enemies. [Naga growth]
 19119 | Lair:3   | Reached XP level 13. HP: 112/123 MP: 19/19
 19302 | Lair:3   | Noticed Gastronok
 19330 | Lair:3   | Killed Gastronok
 19796 | Lair:3   | Reached skill level 13 in Axes
 21859 | Lair:5   | Reached skill level 10 in Evocations
 22172 | Lair:5   | Noticed nikopol's ghost (journeyman DEFE)
 22182 | Lair:5   | Found a runed translucent door.
 22192 | Lair:5   | You fall through a shaft!
 22192 | Lair:6   | Entered Level 6 of the Lair of Beasts
 22382 | Lair:6   | Slain by a blink frog

Levels and vault maps discovered:
D:1:      minmay_arrival_doors, layout_loops_corners, minmay_split_cup_small
D:2:      layout_basic, lemuel_crystal_altar, first_ration, uniq_natasha
D:3:      layout_basic, corexii_leaking_fountain
D:4:      layout_basic, grunt_gozag_statues, okawaru_metal_pillars_1_2,
          gammafunk_ghost_smash, minmay_rat_hole
D:5:      layout_loops_ring, kennysheep_little_box,
          fedhas_bush_and_centaur_altar
D:6:      layout_basic, cheibrodos_sewer_entry_sluice, uniq_blork_the_orc
D:7:      minmay_s_stair_smasher, layout_gridville, grunt_temple_overflow_open,
          minmay_temple_entry_statues_fountains, serial_shops,
          nicolae_shop_overgrown_old_shop, grunt_qazlal_clouds, uniq_joseph,
          uniq_pikel
D:8:      layout_gridville, serial_shops, shop_statue, nicolae_shop_statue_plus,
          solitary_fountain, david_nohive_1, eino_tiny_chamber,
          uniq_prince_ribbit1
D:9:      layout_cave_pools, lemuel_round_altar, lemuel_doored_altar,
          lightli_temple_of_fire, chequers_serial_rivers_small_b, tso_altar,
          uniq_erolcha
D:10:     layout_stronghold, grunt_lair_entry_orc_guard_hut, orc_david_3
Lair:1:   layout_cave_pods, pond
Lair:2:   layout_loops_ring, nicolae_spider_entry_non_spiders, basic_altar,
          lemuel_fruit_fields, lemuel_fruit_fields, serial_bayou_shore_a
Lair:3:   layout_cave_pods, minmay_shoals_entry_beasts,
          nicolae_lair_grove_arrangements, minmay_stone_trees_small,
          minivault_29, uniq_gastronok
Lair:4:   layout_roguey
Lair:5:   layout_cave_shapes, hellmonk_ghost_happy_afterlife, st_stairs_5
Lair:6:   minmay_lair_end_frog_pond, layout_regular_city,
          minmay_slime_entry_oklob_open, gauntlet_entry_generic, uniq_josephine
Orc:1:    layout_diamond_mine

Skill      XL: |  1  2  3  4  5  6  7  8  9 10 11 12 13 |
---------------+----------------------------------------+-----
Axes           | 4 5 6 7 8 10 12 13 | 13.9
Evocations     | 1 3 4 5 8 10 | 10.0
Fighting       | 7 8 10 | 10.0
Dodging        | 5 8 10 | 10.0
Invocations    | 2 5 6 |  6.7
Throwing       | |  1.7

Action                   |  1- 3 |  4- 6 |  7- 9 | 10-12 | 13-15 || total
-------------------------+-------+-------+-------+-------+-------++-------
Melee: War axe           |    74 |   119 |     2 |       |       ||   195
       Dire flail        |       |       |   276 |   668 |   175 ||  1119
       Battleaxe         |       |       |       |    84 |    67 ||   151
       Constrict         |       |       |       |       |    55 ||    55
Throw: Throwing net      |       |       |     1 |       |       ||     1
 Abil: Spit Poison       |     1 |    12 |     1 |     1 |       ||    15
       Evoke Berserk Rag |       |     1 |     9 |    11 |     6 ||    27
Evoke: Wand              |       |       |       |     4 |     2 ||     6
       Phial of floods   |       |       |       |       |     1 ||     1
  Use: Scroll            |       |       |    11 |    10 |     3 ||    24
       Potion            |       |       |       |     1 |       ||     1
 Stab: Sleeping          |     1 |       |       |       |       ||     1
  Eat: Chunk             |     1 |     8 |    17 |    28 |     3 ||    57
       Ration            |       |       |     2 |     4 |     2 ||     8
Armor: Leather armour    |    31 |     9 |       |       |       ||    40
       Ring mail         |       |    45 |   106 |   375 |    99 ||   625
Dodge: Dodged            |    44 |    52 |   118 |   626 |   214 ||  1054

Table legend:
 A = Non-vault XP
 B = Vault XP
 C = Vault XP percentage of total XP
 D = Non-vault monster count
 E = Vault monster count
 F = Vault count percentage of total count
                 A         B        C        D         E       F
            +---------+---------+-------+---------+---------+-------
      Total |   33819 |   17556 |  34.2 |     315 |     139 |  30.6
            +---------+---------+-------+---------+---------+-------
        D:1 |      37 |       7 |  15.9 |      16 |       3 |  15.8
        D:2 |     179 |      33 |  15.6 |      26 |       1 |   3.7
        D:3 |      66 |       0 |   0.0 |       9 |       0 |   0.0
        D:4 |     128 |     380 |  74.8 |      14 |      22 |  61.1
        D:5 |     735 |     110 |  13.0 |      27 |       1 |   3.6
        D:6 |    1255 |     337 |  21.2 |      24 |       7 |  22.6
        D:7 |    1008 |    1714 |  63.0 |      21 |      13 |  38.2
        D:8 |    1292 |    1224 |  48.6 |      32 |      12 |  27.3
        D:9 |     669 |    1042 |  60.9 |      16 |       1 |   5.9
       D:10 |    1462 |    1331 |  47.7 |      10 |       9 |  47.4
     Lair:1 |    5401 |     612 |  10.2 |      27 |       7 |  20.6
     Lair:2 |    6161 |    1065 |  14.7 |      21 |      10 |  32.3
     Lair:3 |    5138 |    5342 |  51.0 |      20 |      36 |  64.3
     Lair:4 |    3298 |    1687 |  33.8 |      16 |       6 |  27.3
     Lair:5 |    4512 |       0 |   0.0 |      20 |       0 |   0.0
     Lair:6 |    2053 |    2672 |  56.6 |       7 |      11 |  61.1
      Orc:1 |     425 |       0 |   0.0 |       9 |       0 |   0.0
            +---------+---------+-------+---------+---------+-------
